 Dungeon Crawl Stone Soup version 0.22-a0-467-g5c5de1c (webtiles) character file.

280 tilp the Chiller (level 6, 0/48 HPs)
             Began as a Merfolk Ice Elementalist on June 10, 2018.
             Killed from afar by Pikel (21 damage)
             ... with a wand of acid (2)
             ... on level 4 of the Dungeon.
             The game lasted 00:17:16 (6752 turns).

tilp the Chiller (Merfolk Ice Elementalist)         Turns: 6752, Time: 00:17:17

Health: 0/48       AC: -1    Str:  8    XL:     6   Next: 27%
Magic:  0/9        EV: 13    Int: 16    God:
Gold:   265        SH:  0    Dex: 15    Spells: 3/9 levels left

rFire    . . .     SeeInvis .   b - +3 dagger
rCold    . . .     Gourm    .   (no shield)
rNeg     . . .     Faith    .   l - +0 robe
rPois    .         Spirit   .   (no helmet)
rElec    .         Reflect  .   y - +0 cloak
rCorr    .         Harm     .   (no gloves)
MR       .....                  (no boots)
Stlth    ++........             (no amulet)
HPRegen  0.16/turn              (no ring)
MPRegen  0.11/turn              (no ring)

@: corroded, very slightly contaminated
A: change form in water, swift swim, stealthy swim
a: no special abilities


You were on level 4 of the Dungeon.
You were very hungry.

You visited 1 branch of the dungeon, and saw 4 of its levels.
You also visited: Sewer.

You collected 265 gold pieces.

Inventory:

Hand Weapons
 a - a +0 whip of venom
 b - a +3 dagger (weapon)
 n - a +0 dagger of speed
Missiles
 k - 99 stones (quivered)
Armour
 l - a +0 robe (worn)
 y - a +0 cloak (worn)
 B - a +0 buckler
Jewellery
 o - an uncursed ring of see invisible {unknown}
 z - a cursed -2 ring of protection {unknown}
Wands
 A - a wand of flame (18)
Scrolls
 e - 3 scrolls of teleportation
 h - 2 scrolls of random uselessness
 p - a scroll of magic mapping {unknown}
 q - 2 scrolls of fog
 v - a scroll of amnesia {unknown}
 w - a scroll of enchant armour {unknown}
Potions
 d - a potion of mutation {unknown}
 g - 4 potions of haste
 i - a potion of lignification {unknown}
 j - 2 potions of magic
 m - 4 potions of curing {unknown}
 r - a potion of heal wounds {unknown}
 s - 2 potions of brilliance {unknown}
 t - a potion of might {unknown}
 u - a potion of flight {unknown}
 x - a potion of degeneration {unknown}
Comestibles
 c - 3 rations


   Skills:
 + Level 3.8 Fighting
 - Level 2.6 Dodging
 - Level 2.1 Stealth
 - Level 2.0 Spellcasting
 - Level 0.7 Conjurations
 - Level 6.2 Ice Magic


You had 3 spell levels left.
You knew the following spells:

 Your Spells              Type           Power        Failure   Level  Hunger
a - Freeze                Ice            ###.         1%          1    #......
b - Throw Frost           Conj/Ice       ##....       8%          2    ###....
c - Ozocubu's Armour      Chrm/Ice       ##......     17%         3    ###....

Your spell library contained the following spells:

 Spells                   Type           Power        Failure   Level  Hunger
 Magic Dart               Conj           #...         16%         1    #......
 Conjure Flame            Conj/Fire      #.......     47%         3    ###....
 Slow                     Hex            #.......     30%         2    ###....
 Mephitic Cloud           Conj/Pois/Air  #.......     50%         3    ###....
 Blink                    Tloc           N/A          30%         2    ###....
 Summon Ice Beast         Ice/Summ       ##......     50%         4    #####..
 Call Imp                 Summ           #.......     30%         2    ###....
 Throw Icicle             Conj/Ice       ##......     45%         4    #####..


Dungeon Overview and Level Annotations

Branches:
Dungeon (4/15)
 Temple: D:4-7

Altars:
Nemelex Xobeh

Annotations:
D:4 Pikel


Message History

Confirm with . or Enter, or press ? or * to list all spells.
You don't have enough magic to cast that spell.
Unknown command.
Aiming: Throw Flame
Press: ? - help, Shift-Dir - straight line, f/p - Pikel
Aim: Pikel, wielding a whip of freezing, wearing a robe and carrying a wand of acid (2) (heavily wounded)
The puff of flame misses Pikel.
The puff of flame misses the slave.
Pikel misses you.
You hit Pikel but do no damage.
Pikel is moderately wounded.
Pikel barely misses you.
Casting: Freeze (safe; 1% risk of failure)
Confirm with . or Enter, or press ? or * to list all spells.
Aiming: Freeze (safe; 1% risk of failure)
Press: ? - help, Shift-Dir - straight line, f/p - Pikel
Aim: Pikel, wielding a whip of freezing, wearing a robe and carrying a wand of acid (2) (moderately wounded)
You freeze Pikel.
Pikel is heavily wounded.
Pikel zaps a wand.
The bolt of acid hits you!
You die...

#.# ######.#
#.# #.# #.#
#K# #.# #.#
#.# #.# #.#
#p# #.# #.#
#.########.#
#...@Kp...(#
############


You could see Pikel and a slave.

Vanquished Creatures
  2 slaves (D:4)
  Crazy Yiuf (D:3)
  Jessica (D:2)
  8 adders
  A river rat (D:2)
  6 worms
  2 dart slugs
  3 leopard geckos
  2 orcs (D:3)
  3 ball pythons
  2 giant cockroaches
  13 goblins
  14 hobgoblins
  16 jackals
  A quokka (D:2)
  10 bats
  14 frilled lizards
  10 kobolds
  7 rats
116 creatures vanquished.

Vanquished Creatures (others)
  A worm (D:3)
  An orc (D:3)
2 creatures vanquished.

Grand Total: 118 creatures vanquished

Notes
Turn   | Place    | Note
-------+----------+-------------------------------------------
     0 | D:1      | tilp the Merfolk Ice Elementalist began the quest for the Orb.
     0 | D:1      | Reached XP level 1. HP: 13/13 MP: 3/3
   144 | D:1      | Reached XP level 2. HP: 8/19 MP: 3/5
   422 | D:1      | Reached skill level 4 in Ice Magic
   707 | D:1      | Learned a level 2 spell: Throw Frost
   844 | D:1      | Reached XP level 3. HP: 24/24 MP: 4/6
   849 | D:1      | Learned a level 3 spell: Ozocubu's Armour
  1247 | D:1      | Reached skill level 5 in Ice Magic
  1729 | D:2      | Reached XP level 4. HP: 15/30 MP: 5/7
  2564 | D:2      | Noticed Jessica
  2570 | D:2      | Killed Jessica
  2570 | D:2      | Reached skill level 6 in Ice Magic
  2570 | D:2      | Reached XP level 5. HP: 33/35 MP: 5/8
  3117 | D:3      | Found a glowing drain.
  3134 | D:2      | Reached skill level 1 in Fighting
  3605 | Sewer    | Entered a sewer
  3807 | Sewer    | Noticed Purgy
  4121 | D:3      | Found a faded altar of an unknown god.
  4750 | D:3      | Reached XP level 6. HP: 46/47 MP: 9/9
  5036 | D:3      | Found a runed door.
  5131 | D:3      | Noticed Crazy Yiuf
  5138 | D:3      | Killed Crazy Yiuf
  5274 | D:4      | Found a sparkling altar of Nemelex Xobeh.
  5438 | D:4      | Noticed a phantom
  5670 | D:4      | Noticed a phantom
  6330 | D:4      | Noticed a slave
  6353 | D:4      | Killed a slave
  6431 | D:4      | Noticed a slave
  6616 | D:4      | Killed a slave
  6704 | D:4      | Noticed Pikel
  6705 | D:4      | Noticed a slave
  6707 | D:4      | Noticed a slave
  6752 | D:4      | Killed from afar by Pikel

Vault maps used:
D:1:      roderic_crop_circles_arrival_small
D:2:      minmay_kobold_bridge, minmay_nonomino_d4, uniq_jessica
D:3:      chequers_ecumenical_altar_simple, cheibrodos_sewer_entry_sluice,
          minmay_misc_feat_hallway, uniq_crazy_yiuf_cottage
D:4:      nemelex_altar_shiori, uniq_pikel
Sewer:    sewer_co_purgy_island

Skill      XL: |  1  2  3  4  5 |
---------------+----------------+-----
Ice Magic      | 4 5 6 |  6.2
Fighting       | 3 |  3.8
Dodging        | |  2.6
Stealth        | |  2.1
Spellcasting   | |  2.0
Conjurations   | |  0.7

Action                   |  1- 3 |  4- 6 || total
-------------------------+-------+-------++-------
Melee: Unarmed           |    25 |       ||    25
       Dagger            |    27 |   116 ||   143
       Whip              |    10 |    23 ||    33
Throw: Stone             |       |     5 ||     5
       Tomahawk          |       |     3 ||     3
 Cast: Freeze            |    47 |   101 ||   148
       Throw Frost       |     2 |     9 ||    11
       Ozocubu's Armour  |     1 |    13 ||    14
Evoke: Wand              |       |     1 ||     1
  Use: Scroll            |       |     9 ||     9
 Stab: Sleeping          |     5 |     5 ||    10
  Eat: Chunk             |     4 |    15 ||    19
       Ration            |       |     1 ||     1
Armor: Robe              |    15 |    28 ||    43
Dodge: Dodged            |    69 |   151 ||   220

Table legend:
 A = Spawn XP
 B = Non-spawn XP
 C = Spawn XP percentage of total XP
 D = Spawn monster count
 E = Non-spawn monster count
 F = Spawn count percentage of total count
 G = Total turns spent on level
                    A         B        C        D         E        F      G
               +---------+---------+-------+---------+---------+-------+---------
         Total |       0 |     401 |   0.0 |       0 |     115 |   0.0 |  6752
               +---------+---------+-------+---------+---------+-------+---------
           D:1 |       0 |      66 |   0.0 |       0 |      37 |   0.0 |  1420
           D:2 |       0 |     167 |   0.0 |       0 |      43 |   0.0 |  1950
           D:3 |       0 |     113 |   0.0 |       0 |      21 |   0.0 |  1398
           D:4 |       0 |      34 |   0.0 |       0 |       6 |   0.0 |  1499
         Sewer |       0 |      21 |   0.0 |       0 |       8 |   0.0 |   485
               +---------+---------+-------+---------+---------+-------+---------
